 Dungeon Crawl Stone Soup version 0.27.1-3-gb3d3a73c9e (webtiles) character file.

Game seed: 15837002178984239617

21 aloishallab the Chopper (level 2, -1/26 HPs)
             Began as a Draconian Monk on Oct 16, 2021.
             Slain by Terence (7 damage)
             ... on level 2 of the Dungeon.
             The game lasted 00:02:00 (947 turns).

aloishallab the Chopper (Draconian Monk)             Turns: 947, Time: 00:02:00

Health: -1/26      AC:  4    Str: 13    XL:     2   Next: 65%
Magic:  3/3        EV: 12    Int: 10    God:
Gold:   59         SH:  0    Dex: 13    Spells: 3/3 levels left

rFire    . . .     SeeInvis .   a - +0 hand axe
rCold    . . .     Faith    .   (no shield)
rNeg     . . .     Spirit   .   (armour unavailable)
rPois    .         Reflect  .   (helmet restricted)
rElec    .         Harm     .   (no cloak)
rCorr    .         Rampage  .   (no gloves)
Will     .....                  (no boots)
Stlth    ++........             (no amulet)
HPRegen  0.08/turn              (no ring)
MPRegen  0.08/turn              (no ring)

@: invisible
A: AC +4, unfitting armour, cold-blooded
a: no special abilities


You were on level 2 of the Dungeon.
You visited 1 branch of the dungeon, and saw 2 of its levels.

You collected 59 gold pieces.

Inventory:

Hand Weapons
 a - a +0 hand axe (weapon)
Scrolls
 b - a scroll of fog {unknown}
 d - 2 scrolls of noise {unknown}
 f - a scroll of identify {unknown}
Potions
 e - a potion of cancellation {unknown}


   Skills:
 - Level 3.2 Fighting
 + Level 3.3 Axes
 + Level 3.0 Dodging
 - Level 1.7 Stealth
 + Level 1.1 Spellcasting


You had 3 spell levels left.
You didn't know any spells.
Your spell library was empty.

Dungeon Overview and Level Annotations

Branches:
Dungeon (2/15)

Altars:

Annotations:
D:2 Terence


Innate Abilities, Weirdness & Mutations

Your plain brown scales are hard. (AC +4)
You cannot fit into any form of body armour.
You are cold-blooded and may be slowed by cold attacks.


Message History

You kill the hobgoblin!
No target in view!
No target in view!
No target in view!
HP restored.
Terence the Incautious comes into view.
He is wielding a +0 flail.
Terence shouts!
You hit Terence.
Your tail-slap misses Terence.
Terence is lightly wounded.
Terence misses you.
You hit Terence but do no damage.
Terence is lightly wounded.
Terence hits you with a +0 flail.
You closely miss Terence.
Terence is lightly wounded.
Terence closely misses you.
You hit Terence but do no damage.
Terence is lightly wounded.
Terence hits you with a +0 flail!
You are too injured to fight recklessly!
You are too injured to fight recklessly!
You are too injured to fight recklessly!
You are too injured to fight recklessly!
You hit Terence.
Terence is lightly wounded.
Terence hits you with a +0 flail.
* * * LOW HITPOINT WARNING * * *
Terence closely misses you.
You hit Terence but do no damage.
Terence is lightly wounded.
Terence hits you with a +0 flail.
* * * LOW HITPOINT WARNING * * *
You hit Terence but do no damage.
Terence is lightly wounded.
Terence barely misses you.
Sorry, you're not good enough to have a special ability.
It was a potion of invisibility.
You fade into invisibility!
Terence hits you with a +0 flail!
You die...

.......#####.#
.............#
........###..#
......>.# #..#
........# #..#
........# #..#
........# #..#
..#######
#..##########
..
#....@@.....#
#...#######.#
#...# #...#
#...# #.....
#.......
#.###..## ..
....


You could see Terence.

Vanquished Creatures
  A dart slug (D:1)
  3 endoplasms (D:1)
  2 giant cockroaches (D:1)
  5 goblins (D:1)
  2 hobgoblins
  A frilled lizard (D:1)
  2 kobolds (D:1)
  A rat (D:1)
17 creatures vanquished.

Notes
Turn   | Place    | Note
-------+----------+-------------------------------------------
     0 | D:1      | aloishallab the Draconian Monk began the quest for the Orb.
     0 | D:1      | Reached XP level 1. HP: 19/19 MP: 1/1
   323 | D:1      | Reached XP level 2. HP: 26/26 MP: 2/2
   572 | D:1      | Reached skill level 1 in Spellcasting
   931 | D:2      | Noticed Terence
   947 | D:2      | Slain by Terence

Illustrated notes

Levels and vault maps discovered:
D:1:      sevenhm_arrival_forest_fort_large_3, layout_basic
D:2:      layout_basic, ebering_ecumenical_altar_petrified,
          chequers_mini_garden, minmay_gold_behind_fungi, minmay_pentomino_r4,
          uniq_terence, uniq_sigmund

Skill      XL: |  1  2 |
---------------+-------+-----
Dodging        | 3 |  3.0
Spellcasting   | 1 |  1.1
Fighting       | |  3.2
Axes           | |  3.3
Stealth        | |  1.7

Action                   || total
-------------------------++-------
Melee: Hand axe          ||    56
       Tailslap          ||    11
  Use: Potion            ||     1
 Stab: Sleeping          ||     3
Armor: Skin              ||    13
Dodge: Dodged            ||    25
